 Dungeon Crawl Stone Soup version 0.28-a0-1374-ga75cb3825e (webtiles) character file.

Game seed: 9649877215278229142

1531034 Kebab the Conqueror (level 27, 255/258 HPs)
             Began as an Ogre Hunter on Jan 1, 2022.
             Was an Elder of Hepliaklqana.
             Escaped with the Orb
             ... and 3 runes!
             The game lasted 04:06:57 (88403 turns).

Kebab the Conqueror (Ogre Hunter)                  Turns: 88403, Time: 04:06:57

Health: 255/258    AC: 35    Str: 24    XL:     27
Magic:  37/37      EV: 20    Int: 12    God:    Hepliaklqana [****..]
Gold:   5799       SH: 21    Dex: 21    Spells: 26/26 levels left

rFire   + . .      SeeInvis .   f - +9 demon whip (elec)
rCold   + + .      Faith    .   X - +2 kite shield {AC+3}
rNeg    + . .      Spirit   .   W - +9 ice dragon scales
rPois   +          Reflect  +   y - +2 hat of the Comet {Drain rN+ Will+}
rElec   +          Harm     .   J - +2 cloak
rCorr   .          Rampage  .   (gloves unavailable)
Will    +++..      NoCast   +   (boots unavailable)
Stlth   +.........              L - amulet of Harmony {Reflect -Cast rPois Dex+4 SH+5}
HPRegen 0.53/turn               i - ring of Generosity {rElec rPois rF+ Stlth+}
MPRegen 0.25/turn               w - ring "Paafypics" {rF+ AC+4}

@: no status effects
A: reduced essence, large, unfitting armour, tough skin 1, hooves 1, clumsy 1,
frail 1, subdued magic 1
0: Orb of Zot
}: 3/15 runes: barnacled, slimy, gossamer
a: Renounce Religion, Recall Ancestor, Ancestor Identity, Transference, Idealise


You escaped.
You worshipped Hepliaklqana.
Hepliaklqana was greatly pleased with you.
You visited 11 branches of the dungeon, and saw 55 of its levels.
You visited 1 ziggurat, and saw 7 of its levels.
You also visited: Ossuary, Gauntlet, Ice Cave and Desolation.

You collected 9603 gold pieces.
You spent 3804 gold pieces at shops.

Inventory:

Hand Weapons
 f - a +9 demon whip of electrocution (weapon)
 Y - the +10 demon whip "Redasics" {venom, rElec rPois SInv Stlth-}
   (You found it on level 2 of the Elven Halls)

   It poisons the flesh of those it strikes.
   rElec:     It insulates you from electricity.
   rPois:     It protects you from poison.
   SInv:      It lets you see invisible.
   Stlth:     It makes you less stealthy.
Missiles
 c - 77 large rocks (quivered)
 d - 13 throwing nets
 B - 19 javelins
 R - 29 atropa-tipped darts
 V - 16 silver javelins
 Z - 43 boomerangs
Armour
 y - the +2 hat of the Comet (worn) {Drain rN+ Will+}
   (You acquired it on level 4 of the Dungeon)

   rN:        It protects you from negative energy.
   Drain:     It drains your maximum health when unequipped.
   Will:      It increases your willpower.
 J - a +2 cloak (worn)
 W - +9 ice dragon scales (worn)
 X - a +2 kite shield of protection (worn)
Jewellery
 i - the ring of Generosity (left hand) {rElec rPois rF+ Stlth+}
   (You bought it in a shop on level 2 of the Vaults)

   [ring of protection from fire]

   rF:        It protects you from fire.
   rElec:     It insulates you from electricity.
   rPois:     It protects you from poison.
   Stlth:     It makes you more stealthy.
 w - the ring "Paafypics" (right hand) {rF+ AC+4}
   (You found it on level 4 of the Spider Nest)

   [ring of protection]

   AC:        It affects your AC (+4).
   rF:        It protects you from fire.
 A - an amulet of regeneration
 L - the amulet of Harmony (around neck) {Reflect -Cast rPois Dex+4 SH+5}
   (You found it in the Desolation of Salt)

   [amulet of reflection]

   It reflects blocked missile attacks.
   Dex:       It affects your dexterity (+4).
   rPois:     It protects you from poison.
   -Cast:     It prevents spellcasting.
   SH:        It affects your SH (+5).
 P - the ring of Xom's Displeasure {Fly rPois rF+ rN+}
   (You bought it in a shop on level 2 of the Vaults)

   [ring of flight]

   rF:        It protects you from fire.
   rPois:     It protects you from poison.
   rN:        It protects you from negative energy.
   Fly:       It grants you flight.
 S - a ring of see invisible
 T - the ring of Balance {rN+ rCorr Str+6}
   (You found it on level 5 of the Pits of Slime)

   [ring of resist corrosion]

   Str:       It affects your strength (+6).
   rN:        It protects you from negative energy.
   rCorr:     It protects you from acid and corrosion.
Wands
 g - a wand of digging (12)
 o - a wand of acid (33)
 v - a wand of flame (62)
 F - a wand of polymorph (36)
 H - a wand of paralysis (20)
Scrolls
 j - 3 scrolls of blinking
 k - 2 scrolls of silence
 m - a scroll of summoning
 p - 9 scrolls of fog
 q - 7 scrolls of brand weapon
 t - 8 scrolls of immolation
 x - 12 scrolls of fear
 z - 22 scrolls of teleportation
 E - 8 scrolls of vulnerability
 K - 2 scrolls of magic mapping
 M - 24 scrolls of identify
Potions
 a - 4 potions of invisibility
 b - a potion of might
 e - 2 potions of cancellation
 n - 8 potions of brilliance
 r - 5 potions of lignification
 u - 10 potions of ambrosia
 C - 11 potions of curing
 D - 2 potions of resistance
 I - 11 potions of mutation
 N - 14 potions of attraction
 O - 7 potions of heal wounds
 Q - a potion of berserk rage
Miscellaneous
 h - a condenser vane
 s - a tin of tremorstones (2/2)
 G - a box of beasts
 U - a phantom mirror


   Skills:
 O Level 27 Fighting
 - Level 17.0 Maces & Flails
 - Level 26.0 Throwing
 - Level 10.0 Armour
 + Level 20.1 Dodging
 - Level 0.6 Stealth
 - Level 15.0 Shields
 - Level 20.8 Invocations
 - Level 5.0 Evocations


You had 26 spell levels left.
You didn't know any spells.
Your spell library contained the following spells:

 Spells                   Type           Power      Damage    Failure   Level
 Animate Skeleton         Necr           0%         N/A       58%         1
 Beastly Appendage        Tmut           0%         N/A       58%         1
 Foxfire                  Conj/Fire      0%         2x1d4     58%         1
 Freeze                   Ice            0%         1d3       58%         1
 Magic Dart               Conj           0%         1d3       58%         1
 Pain                     Necr           0%         1d4       58%         1
 Shock                    Conj/Air       0%         1d3       58%         1
 Slow                     Hex            0%         N/A       58%         1
 Sting                    Tmut/Pois      0%         1d3       58%         1
 Blink                    Tloc           0%         N/A       73%         2
 Corpse Rot               Necr/Air       0%         N/A       73%         2
 Passwall                 Tmut/Erth      0%         N/A       73%         2
 Poisonous Vapours        Pois/Air       0%         N/A       73%         2
 Searing Ray              Conj           0%         2d4       73%         2
 Static Discharge         Conj/Air       0%         N/A       73%         2
 Sublimation of Blood     Necr           0%         N/A       73%         2
 Wereblood                Tmut           0%         N/A       73%         2
 Call Canine Familiar     Summ           0%         N/A       92%         3
 Confusing Touch          Hex            0%         N/A       92%         3
 Conjure Flame            Conj/Fire      0%         6-21      92%         3
 Dazzling Flash           Conj/Hex       0%         N/A       92%         3
 Frozen Ramparts          Ice            0%         1d2       92%         3
 Gell's Gravitas          Tloc           0%         N/A       92%         3
 Inner Flame              Hex/Fire       0%         N/A       92%         3
 Portal Projectile        Hex/Tloc       0%         N/A       92%         3
 Summon Guardian Golem    Hex/Summ       0%         N/A       92%         3
 Swiftness                Air            0%         N/A       92%         3
 Vampiric Draining        Necr           0%         2d6       92%         3
 Airstrike                Air            0%         N/A       100%        4
 Animate Armour           Summ/Erth      0%         N/A       100%        4
 Animate Dead             Necr           0%         N/A       100%        4
 Cause Fear               Hex            0%         N/A       100%        4
 Dispel Undead            Necr           0%         3d6       100%        4
 Flame Wave               Conj/Fire      0%         2d4       100%        4
 Fulminant Prism          Conj/Hex       0%         3d6       100%        4
 Hailstorm                Conj/Ice       0%         3d3       100%        4
 Ice Form                 Ice/Tmut       0%         N/A       100%        4
 Leda's Liquefaction      Hex/Erth       0%         N/A       100%        4
 Olgreb's Toxic Radiance  Pois           0%         N/A       100%        4
 Petrify                  Tmut/Erth      0%         N/A       100%        4
 Sticky Flame             Conj/Fire      0%         2d3       100%        4
 Summon Ice Beast         Ice/Summ       0%         N/A       100%        4
 Blade Hands              Tmut           0%         N/A       100%        5
 Fireball                 Conj/Fire      0%         3d3       100%        5
 Freezing Cloud           Conj/Ice/Air   0%         6-21      100%        5
 Irradiate                Conj/Tmut      0%         3d14      100%        5
 Iskenderun's Battlesphe  Conj           0%         2d6       100%        5
 Lightning Bolt           Conj/Air       0%         1d11      100%        5
 Manifold Assault         Tloc           0%         N/A       100%        5
 Metabolic Englaciation   Hex/Ice        0%         N/A       100%        5
 Summon Forest            Summ/Tloc      0%         N/A       100%        5
 Summon Mana Viper        Hex/Summ       0%         N/A       100%        5
 Death Channel            Necr           0%         N/A       100%        6
 Eringya's Noxious Bog    Tmut/Pois      0%         N/A       100%        6
 Iron Shot                Conj/Erth      0%         9d1       100%        6
 Simulacrum               Ice/Necr       0%         N/A       100%        6
 Statue Form              Tmut/Erth      0%         N/A       100%        6
 Summon Cactus Giant      Summ           0%         N/A       100%        6
 Dragon Form              Tmut           0%         N/A       100%        7
 Haunt                    Necr/Summ      0%         N/A       100%        7
 Monstrous Menagerie      Summ           0%         N/A       100%        7
 Orb of Destruction       Conj           0%         N/A       100%        7
 Ozocubu's Refrigeration  Ice            0%         4d5       100%        7
 Spellforged Servitor     Conj/Summ      0%         N/A       100%        7
 Storm Form               Tmut/Air       0%         N/A       100%        7
 Summon Hydra             Summ           0%         N/A       100%        7
 Discord                  Hex            0%         N/A       100%        8
 Ignition                 Fire           0%         3d3       100%        8
 Infestation              Necr           0%         N/A       100%        8
 Maxwell's Capacitive Co  Air            0%         ∞         100%        8
 Chain Lightning          Conj/Air       0%         N/A       100%        9
 Dragon's Call            Summ           0%         N/A       100%        9
 Fire Storm               Conj/Fire      0%         5d1       100%        9
 Polar Vortex             Ice            0%         N/A       100%        9


Dungeon Overview and Level Annotations

Branches:
Dungeon (15/15)            Temple (0/1) D:6            Lair (6/6) D:8
 Shoals (4/4) Lair:2       Spider (4/4) Lair:4        Slime (5/5) Lair:6
    Orc (2/2) D:12            Elf (3/3) Orc:2        Vaults (4/5) D:14
  Crypt (3/3) Vaults:3       Tomb (0/3) Crypt:3      Depths (4/4) D:15
    Zot (5/5) Depths:4    Ossuary (visited)           IceCv (visited)
Desolation (visited)      Gauntlet (visited)

Altars:
Dithmenos
Elyvilon
Hepliaklqana
Kikubaaqudgha
Sif Muna
Uskayaw
Vehumet
Xom
Beogh
Jiyva

Shops:
D:4 [   D:7 (   Orc:1 *   Orc:2 ?[:?   Shoals:3 :   Vaults:1 ?   Vaults:2 [*=:
Vaults:3 (   Vaults:4 (*[   Depths:2 [

Portals:
Hell: Depths:1 Depths:2 Depths:3 Depths:4
Abyss: Depths:2 Depths:3
Pandemonium: Depths:2 Depths:4

Annotations:
D:8 exclusion: door
D:11 exclusion: orange crystal statue
Lair:5 exclusion: oklob plant
Elf:1 6 runed translucent doors
Elf:2 5 runed translucent doors


Innate Abilities, Weirdness & Mutations

Your life essence is reduced to manifest your ancestor. (-10% HP)
You are too large for most types of armour.
You have tough skin. (AC +1)
You have large cloven feet.
You are clumsy. (Dex -2)
You are frail. (-10% HP)
Your spells are a little easier to cast, but a little less powerful.


Message History

The demonic crawler is lightly wounded.
You hit the demonic crawler but do no damage.
You kick the demonic crawler, but do no damage.
The demonic crawler is lightly wounded.
You block the demonic crawler's attack. x3
Amnanu hits the demonic crawler with a +0 antimagic quick blade.
You whack the demonic crawler! You kick the demonic crawler.
The demonic crawler is heavily wounded.
You block the demonic crawler's attack.
The demonic crawler completely misses you.
You block the demonic crawler's attack.
You whack the demonic crawler!
You kick the demonic crawler, but do no damage.
The demonic crawler is severely wounded.
Amnanu hits the demonic crawler with a +0 antimagic quick blade!
The demonic crawler dies!
No target in view!
A Hell Sentinel comes into view.
There is a stone staircase leading up here.
You climb upwards.
There is a stone staircase leading down here.
You start resting.
A smoke demon comes into view.
You block the smoke demon's attack. x2; The smoke demon misses you.
You thrash the smoke demon!!
Lightning courses through the smoke demon!
You kill the smoke demon!
No target in view!
(D) Dungeon (T) Temple (L) Lair (A) Shoals (N) Spider Nest (M) Slime Pits (O) Orcish Mines (E) Elven Halls (V) Vaults (C) Crypt (W) Tomb (U) Depths (H) Hell (Z) Zot
Where to? (Enter - D:3 @ (x,y), ? - help)
What level of the Dungeon? (default 1, ? - help)
There is a stone staircase leading up here.
You climb upwards.
There is a stone staircase leading down here.
There is an open door here.
There is a staircase leading out of the dungeon here.
You have escaped!

#.#.#......
#.#.#...#####
#########............
.....................
# ##......###....#.##
... ##≈≈#'.# ##.###.#
...§#§...#.# #..##.#
...§≈..R.§.# ##.##.#
...!.§§⌠@§§.# #.##.#
.....≈....§.# #..#.#
.....#..§§#.# ##.#.#
####≈≈###§§#### #...#
#.#....#.§...# ##..#
#######.≈....≈.....#
#..####
......#.≈..⌠.≈.....#
##>....
......#.≈....≈.....#
##########
........#....#.....###
#.....####


You could see the friendly Amnanu the hexer.

Vanquished Creatures
  the Royal Jelly (Slime:5)
  5 ancient liches
  3 dread liches (Zot:5)
  Mara (Vaults:3)
  An orb of fire (Zot:3)
  Sojobo (Vaults:3)
  Frederick (Depths:2)
  A Killer Klown (Zot:5)
  A shard shrike (IceCv)
  2 golden dragons
  Arachne (Spider:2)
  the Enchantress (Depths:1)
  2 electric golems
  A bone dragon (Crypt:3)
  Rupert (Spider:1)
  4 tentacled monstrosities
  A Hell Sentinel (Depths:4)
  23 Orb Guardians
  Mlioglotl (Spider:3)
  An Ice Fiend (Zot:2)
  2 deep elf blademasters (Elf:3)
  2 deep elf master archers (Elf:3)
  16 acid blobs
  6 liches
  A quicksilver dragon (Zot:2)
  A walking frostbound tome (Depths:4)
  6 ancient champions
  4 death cobs
  2 sphinxes (Depths:3)
  Kirke (D:12)
  6 shadow dragons
  6 tengu reavers
  6 azure jellies
  5 storm dragons
  3 revenants
  4 draconian monks
  9 rockslimes
  5 deep elf sorcerers
  7 vault wardens
  9 draconian knights
  7 fire giants
  3 draconian scorchers
  6 ghost moths
  5 emperor scorpions
  A balrug (D:6)
  2 frost giants
  Aizul (Depths:2)
  An iron dragon (Depths:4)
  6 quicksilver oozes
  4 ghouls (Crypt:1)
  A draconian shifter (Zot:3)
  5 draconian stormcallers
  3 imperial myrmidons (Desolation)
  2 orc warlords
  A curse skull (Crypt:2)
  6 draconian annihilators
  26 very ugly things
  2 war gargoyles
  A juggernaut skeleton (Crypt:3)
  3 deep elf elementalists
  13 ironbound preservers
  4 broodmothers
  3 spriggan defenders
  7 ironbound thunderhulks
  8 vampire knights
  Nessos (D:13)
  10 deep elf demonologists
  3 entropy weavers
  8 stone giants
  A wendigo (Zig:1)
  6 purple draconians
  8 green draconians
  6 white draconians
  2 red draconians
  7 black draconians
  10 spark wasps
  Azrael (D:12)
  12 deep elf annihilators
  2 crystal guardians
  5 eidola
  2 dire elephants (Vaults:1)
  7 ettins
  6 statues (Depths:2)
  5 merfolk javelineers
  8 deep elf death magi
  3 merfolk impalers
  Josephine (D:10)
  4 jiangshi
  8 yaktaur captains
  6 servants of whispers (Desolation)
  14 great orbs of eyes
  A deep elf high priest (Elf:3)
  10 ragged hierophants (Desolation)
  10 fire dragons
  9 boulder beetles
  7 vault guards
  3 rakshasas
  An ogre mage (D:13)
  10 spriggan air magi
  10 hydras
  11 peacekeepers
  3 ice dragons
  4 salamander tyrants (Depths:2)
  2 jorogumos
  6 merfolk avatars
  2 catoblepae
  2 hell beasts (Depths:1)
  19 centaur warriors
  A two-headed ogre (shapeshifter) (Elf:1)
  Erolcha (D:9)
  An alligator (Shoals:3)
  3 two-headed ogres
  13 dancing weapons
  5 satyrs
  5 tengu warriors
  10 ironbound frosthearts
  4 death knights
  4 merfolk aquamancers
  6 vampire magi
  A hell hog (Depths:1)
  2 deep troll earth magi
  5 deep troll shamans
  5 orc high priests
  4 spriggan berserkers
  The ghost of Crownlay the Thaumaturge, a journeyman GrEE of Vehumet (D:11)
  A titan zombie (Crypt:1)
  6 soul eaters
  Sonja (Orc:1)
  17 hell knights
  5 sun demons (Depths:1)
  10 deep elf knights
  6 iron trolls
  A titan skeleton (Crypt:1)
  8 skeletal warriors
  3 wretched stars (Zig:6)
  4 pharaoh ants
  8 sea snakes
  A sixfirhy (Zot:5)
  A sun moth (Spider:4)
  3 shadow wraiths
  A kraken simulacrum (Shoals:4)
  2 goliath frogs (Shoals:3)
  10 orb spiders
  8 glowing orange brains
  3 steelbarb worms
  47 deep trolls
  14 lindwurms
  4 flayed ghosts
  14 ironbound convokers
  10 deep elf archers
  12 phantasmal warriors
  A bog body (Crypt:1)
  A shadow demon (Depths:2)
  3 orange crystal statues
  11 necromancers
  21 deep elf pyromancers
  4 orc sorcerers
  5 shining eyes
  14 wizards
  19 deep elf zephyrmancers
  43 harpies
  28 wolf spiders
  4 oklob plants (Elf:1)
  2 frost giant zombies (Vaults:2)
  A salamander (shapeshifter) (Depths:4)
  12 cyclopes
  5 orc knights
  A mana viper (shapeshifter) (Depths:4)
  61 ugly things
  A goliath frog zombie (Crypt:1)
  A jorogumo skeleton (Crypt:3)
  72 slime creatures
  13 manticores
  2 shadow dragon skeletons
  13 fauns
  14 merfolk sirens
  12 elephants
  5 water nymphs
  3 naga magi (D:15)
  12 moths of wrath
  10 vault sentinels
  2 shock serpent zombies
  An eleionoma skeleton (Crypt:2)
  A frost giant skeleton (Vaults:4)
  3 guardian serpents (Desolation)
  2 eyes of devastation
  2 molten gargoyles (Desolation)
  A dire elephant zombie (Crypt:1)
  2 ice statues
  An orange demon (Depths:2)
  2 smoke demons
  2 eyes of devastation (shapeshifter)
  9 black mambas
  2 apocalypse crabs
  3 torpor snails
  2 dire elephant skeletons
  29 yaktaurs
  A rime drake (shapeshifter) (D:13)
  A centaur skeleton (D:15)
  3 kobold demonologists (D:13)
  13 cane toads
  19 rime drakes
  An unseen horror (D:10)
  A grey draconian zombie (Crypt:1)
  7 demonic crawlers
  Psyche (D:9)
  A death yak skeleton (Crypt:3)
  3 komodo dragons
  4 tengu conjurers (Depths:2)
  2 hellwings
  A yaktaur skeleton (Vaults:2)
  An ice devil (Zig:2)
  2 hydra zombies (Crypt:1)
  12 freezing wraiths
  7 wind drakes
  A black draconian skeleton (Crypt:1)
  9 trolls
  A red devil (Depths:2)
  19 polar bears
  A meliai (shapeshifter) (D:13)
  24 merfolk
  23 meliai
  A troll (shapeshifter) (Zig:6)
  41 tarantellas
  14 blink frogs
  56 saltlings (Desolation)
  A guardian serpent zombie (Crypt:2)
  A dream sheep (shapeshifter) (D:13)
  A raiju (Zig:6)
  2 harpy skeletons (Crypt:1)
  A fire dragon zombie (Crypt:2)
  10 snapping turtles
  10 hornets
  14 dream sheep
  2 ettin zombies
  2 centaur simulacra (D:15)
  4 hexers
  A black mamba zombie (Crypt:3)
  An ice dragon skeleton (Crypt:1)
  2 vampires (D:13)
  38 jumping spiders
  15 wyverns
  A flying skull (Crypt:3)
  15 culicivoras
  5 spriggans
  A spriggan (shapeshifter) (Elf:3)
  3 fire elementals
  5 water elementals
  10 wraiths
  7 large abominations (Depths:3)
  43 yaks
  3 golden eyes (Slime:2)
  3 hogs (D:12)
  A hog (shapeshifter) (D:13)
  8 basilisks
  6 vampire mosquitoes
  A black mamba skeleton (Crypt:3)
  4 steam dragons (Shoals:4)
  A steam dragon (shapeshifter) (D:13)
  6 chaos spawn
  48 redbacks
  Menkaure (D:7)
  5 wargs
  An acid dragon (D:12)
  A deep troll zombie (Crypt:3)
  3 small abominations (Depths:3)
  2 floating eyes (Depths:3)
  3 hell hounds (D:12)
  22 water moccasins
  A demonspawn skeleton (Crypt:2)
  A floating eye (shapeshifter) (Vaults:1)
  5 ice beasts
  A sky beast (D:7)
  2 black bears
  2 hornet zombies
  A black bear (shapeshifter) (D:10)
  6 ogres
  32 orc warriors
  13 centaurs
  9 wolves (Lair:6)
  2 boggarts
  2 phantoms
  A komodo dragon zombie (Crypt:3)
  4 kobold brigands
  Blork the orc (D:4)
  2 elf zombies (Ossuary)
  7 scorpions
  A cyclops zombie (Crypt:2)
  2 gnoll sergeants
  8 earth elementals
  15 bullfrogs
  An elf skeleton (Crypt:1)
  A water moccasin skeleton (D:5)
  24 killer bees
  A swamp dragon simulacrum (Crypt:1)
  3 wights (D:7)
  An electric eel (Spider:4)
  4 centaur zombies
  3 hounds
  A jelly (D:6)
  A human zombie (Ossuary)
  A bullfrog zombie (D:7)
  31 orc priests
  A bullfrog skeleton (D:6)
  3 iguanas
  A human skeleton (Crypt:3)
  Terence (D:3)
  27 orc wizards
  A hound zombie (Ossuary)
  3 mummies (Ossuary)
  A howler monkey zombie (D:9)
  7 gnolls
  10 adders
  A howler monkey skeleton (Crypt:1)
  2 shadow imps
  2 white imps
  2 ufetubi (D:4)
  An adder skeleton (D:4)
  3 adder zombies (Ossuary)
  A halfling skeleton (Crypt:1)
  6 worms
  A dart slug (D:4)
  72 orcs
  6 bats
  8 endoplasms
  4 giant cockroaches
  A gnoll zombie (Ossuary)
  3 goblins (D:1)
  4 hobgoblins
  13 jackals
  17 kobolds
  4 quokkas
  3 ball pythons
  3 frilled lizards
  A goblin skeleton (Crypt:2)
  5 goblin zombies (Ossuary)
  4 hobgoblin zombies (Ossuary)
  A jackal skeleton (Crypt:3)
  5 jackal zombies (Ossuary)
  2 kobold zombies (Ossuary)
  An orc zombie (Ossuary)
  A quokka skeleton (D:4)
  5 quokka zombies
  6 rats
  A rat skeleton (Crypt:3)
  4 rat zombies
  A spectral orc (D:5)
  A starspawn tentacle (Zig:6)
2284 creatures vanquished.

Vanquished Creatures (collateral kills)
  2 ancient liches (Crypt:3)
  A Killer Klown (Zot:4)
  A bone dragon (Crypt:3)
  An electric golem (Zot:5)
  A Tzitzimitl (Depths:3)
  A tentacled monstrosity (Depths:3)
  2 liches (Crypt:3)
  An Orb Guardian (Zot:5)
  2 acid blobs
  A death cob (Zot:5)
  A tentacled starspawn (Zig:6)
  A draconian monk (Zot:5)
  A storm dragon (Zot:5)
  A rockslime (Slime:5)
  2 draconian knights (Zot:5)
  3 azure jellies (Slime:5)
  3 ghost moths
  An imperial myrmidon (Desolation)
  An emperor scorpion (Spider:4)
  An iron dragon (Depths:4)
  2 draconian shifters
  A vault warden (Vaults:4)
  3 draconian scorchers
  2 deep elf elementalists (Elf:3)
  A balrug (Depths:1)
  2 curse skulls (Crypt:1)
  A quicksilver ooze (Slime:4)
  An ironbound thunderhulk (Vaults:4)
  10 very ugly things
  3 ironbound preservers
  A spriggan defender (Depths:1)
  2 vampire knights
  A dire elephant (Vaults:1)
  2 black draconians
  2 white draconians
  2 green draconians
  A minotaur (Gauntlet)
  A red draconian (Depths:4)
  2 purple draconians
  7 spark wasps
  An ettin (Depths:1)
  A fire dragon (Depths:4)
  A blizzard demon (Zig:2)
  An eidolon (Crypt:2)
  2 merfolk impalers
  2 great orbs of eyes
  3 boulder beetles
  3 ragged hierophants (Desolation)
  2 jiangshi
  2 servants of whispers (Desolation)
  A vault guard (Vaults:4)
  A merfolk avatar (Shoals:4)
  A merfolk aquamancer (Shoals:4)
  2 ironbound frosthearts
  4 dancing weapons
  3 vampire magi
  A tengu warrior (Depths:3)
  A deep elf knight (Elf:1)
  2 pharaoh ants
  2 hell knights
  2 iron trolls
  A sea snake (Shoals:1)
  3 shadow wraiths
  5 deep trolls
  2 orb spiders
  4 harpies
  A deep elf archer (Elf:1)
  A large abomination (Depths:3)
  A wizard (Vaults:3)
  An orc knight (Vaults:1)
  2 ironbound convokers
  A deep elf pyromancer (Elf:1)
  A necromancer (Crypt:1)
  5 wolf spiders
  A stone giant zombie (Vaults:4)
  10 ugly things
  4 cyclopes
  A faun (Shoals:1)
  3 manticores
  2 elephants (Lair:4)
  A water nymph (Shoals:3)
  2 black mambas
  2 guardian serpents
  An ice statue (Zig:5)
  A merfolk siren (Shoals:2)
  3 smoke demons
  3 yaktaurs
  2 cane toads
  2 demonic crawlers
  2 unseen horrors
  3 komodo dragons
  A harpy zombie (Crypt:1)
  A polar bear (IceCv)
  A queen bee (D:9)
  2 hornets
  A meliai (Spider:4)
  8 merfolk
  A wind drake (Shoals:4)
  2 tarantellas
  11 saltlings (Desolation)
  5 blink frogs
  3 dream sheep
  20 slime creatures
  2 snapping turtles
  2 black mamba zombies
  7 jumping spiders
  A stone giant simulacrum (Vaults:4)
  A spriggan (Depths:2)
  2 shadows
  4 water elementals
  A wyvern (Lair:6)
  A hog (D:12)
  A yak (Lair:3)
  7 redbacks
  A steam dragon (Shoals:4)
  A fire elemental (Elf:3)
  A vampire mosquito (D:13)
  A hell hound (D:12)
  2 water moccasins
  An orc warrior (Orc:1)
  A wolf (Lair:6)
  4 centaurs
  An elf zombie (Ossuary)
  A bullfrog (D:9)
  5 killer bees (D:9)
  2 centaur zombies (Ossuary)
  2 orc priests (Orc:2)
  3 orc wizards
  3 gnolls
  13 orcs
  3 kobolds
314 creatures vanquished.

Vanquished Creatures (others)
  A deep elf knight (Elf:1)
  A wizard (D:13)
  A deep elf zephyrmancer (Elf:1)
  An ugly thing (Zig:5)
  A jumping spider (Spider:4)
  A human (D:12)
  52 hexers
  39 fungi
  213 plants
  3 starspawn tentacles (Zig:6)
  2 tentacles (Shoals:4)
  2 withered plants (Desolation)
317 creatures vanquished.

Grand Total: 2915 creatures vanquished

Notes
Turn   | Place    | Note
-------+----------+-------------------------------------------
     0 | D:1      | Kebab the Ogre Hunter began the quest for the Orb.
     0 | D:1      | Reached XP level 1. HP: 22/22 MP: 1/1
    80 | D:1      | Reached skill level 3 in Fighting
   304 | D:1      | Found a faded altar of an unknown god.
   344 | D:1      | Reached XP level 2. HP: 27/32 MP: 2/2
   490 | D:1      | Reached skill level 1 in Maces & Flails
   876 | D:1      | You fall into a shaft and drop 1 floor!
   878 | D:2      | Reached XP level 3. HP: 39/39 MP: 3/3
  1267 | D:2      | Found the +4 robe of Augmentation {Str+4 Int+4 Dex+4}
  1336 | D:2      | Reached XP level 4. HP: 48/48 MP: 4/4
  1882 | D:3      | Reached XP level 5. HP: 53/54 MP: 5/5
  2030 | D:3      | Noticed Terence
  2045 | D:3      | Killed Terence
  2326 | D:4      | Noticed a phantom
  2353 | D:4      | Noticed an ogre
  2361 | D:4      | Killed an ogre
  2362 | D:4      | Reached XP level 6. HP: 40/62 MP: 6/6
  2575 | D:4      | Noticed Blork the orc
  2593 | D:4      | Reached skill level 5 in Maces & Flails
  2600 | D:4      | Killed Blork the orc
  2907 | D:4      | Reached XP level 7. HP: 67/68 MP: 7/7
  2925 | D:4      | Found Bullay's Armour Emporium.
  4031 | D:4      | Identified 2 scrolls of acquirement
  4031 | D:4      | Acquired the +2 hat of the Comet {Drain rN+ Will+}
  4036 | D:4      | Acquired a +4 ring of protection
  4052 | D:5      | Entered Level 5 of the Dungeon
  4091 | D:5      | Reached XP level 8. HP: 75/78 MP: 8/8
  4722 | D:5      | Found a hazy altar of Hepliaklqana.
  4733 | D:5      | Became a worshipper of Hepliaklqana the Forgotten
  4771 | D:6      | Found a staircase to the Ecumenical Temple.
  4855 | D:6      | Reached skill level 1 in Evocations
  5084 | D:6      | Reached XP level 9. HP: 75/84 MP: 5/9
  5249 | D:6      | Reached * piety under Hepliaklqana
  5865 | D:7      | Reached skill level 10 in Maces & Flails
  6004 | D:7      | Found Vihom's Antique Weapon Boutique.
  6099 | D:7      | Identified the +4 mace "Tebbeoh" {freeze, Str+2}
  6252 | D:7      | Noticed Menkaure
  6257 | D:7      | Killed Menkaure
  6668 | D:8      | Reached ** piety under Hepliaklqana
  6670 | D:8      | Remembered your ancestor Amnanu as a hexer
  6702 | D:8      | Noticed an elephant
  6737 | D:8      | Killed an elephant
  6738 | D:8      | Reached XP level 10. HP: 68/82 MP: 8/10
  6754 | D:8      | Found a sand-covered staircase.
  6765 | Ossuary  | Entered an ossuary
  6864 | Ossuary  | Reached skill level 4 in Fighting
  6916 | Ossuary  | Reached skill level 5 in Fighting
  7293 | D:8      | Reached skill level 6 in Fighting
  7303 | D:8      | Reached skill level 7 in Fighting
  7312 | D:8      | Reached skill level 8 in Fighting
  7361 | D:8      | Found a radiant altar of Vehumet.
  7468 | D:8      | Found a shimmering blue altar of Sif Muna.
  7551 | D:8      | Found a staircase to the Lair.
  7570 | D:8      | Reached skill level 9 in Fighting
  7668 | D:8      | Found a large runed translucent door.
  7669 | D:8      | Found a large runed translucent door.
  8002 | D:8      | Found a white marble altar of Elyvilon.
  8010 | D:8      | Found an ancient bone altar of Kikubaaqudgha.
  8016 | D:8      | Reached skill level 10 in Fighting
  8363 | D:9      | Noticed a two-headed ogre
  8367 | D:9      | Killed a two-headed ogre
  8368 | D:9      | Reached skill level 11 in Fighting
  8428 | D:9      | Reached *** piety under Hepliaklqana
  8499 | D:9      | Noticed Psyche
  8506 | D:9      | Killed Psyche
  8507 | D:9      | Reached skill level 12 in Fighting
  8507 | D:9      | Reached XP level 11. HP: 104/110 MP: 11/11
  8535 | D:9      | Noticed a deep elf zephyrmancer
  8543 | D:9      | Killed a deep elf zephyrmancer
  8834 | D:9      | Noticed Erolcha
  8836 | D:9      | Noticed a two-headed ogre
  8837 | D:9      | Reached skill level 13 in Fighting
  8865 | D:9      | Killed a two-headed ogre
  8881 | D:9      | Reached skill level 14 in Fighting
  8909 | D:9      | Killed Erolcha
  9267 | D:10     | Entered Level 10 of the Dungeon
  9288 | D:10     | Noticed Josephine
  9351 | D:9      | Reached skill level 15 in Fighting
  9549 | D:10     | Killed Josephine
  9682 | D:10     | Reached skill level 16 in Fighting
 10210 | D:10     | Found a hide-covered altar of Uskayaw.
 10264 | Lair:1   | Entered Level 1 of the Lair of Beasts
 10268 | Lair:1   | Reached **** piety under Hepliaklqana
 10353 | Lair:1   | Reached XP level 12. HP: 70/131 MP: 6/12
 10709 | Lair:1   | Reached skill level 5 in Evocations
 10841 | Lair:1   | Reached skill level 1 in Invocations
 10892 | Lair:1   | You fall into a shaft and drop 1 floor!
 10978 | Lair:2   | Found a staircase to the Shoals.
 11392 | Lair:2   | Found the amulet of the Air {Inacc Air Fly rElec RMsl}
 11619 | Lair:2   | Noticed a five-headed hydra
 11626 | Lair:2   | Killed a five-headed hydra
 11627 | Lair:2   | Reached skill level 5 in Invocations
 13144 | Lair:3   | Noticed a catoblepas
 13153 | Lair:3   | Killed a catoblepas
 13480 | Lair:3   | Reached XP level 13. HP: 133/138 MP: 17/19
 13614 | Lair:3   | Reached ***** piety under Hepliaklqana
 14174 | Lair:4   | Reached skill level 17 in Fighting
 14186 | Lair:4   | Found a hole to the Spider Nest.
 14801 | Lair:4   | Reached skill level 18 in Fighting
 15833 | Lair:4   | Reached skill level 19 in Fighting
 16085 | Lair:5   | Identified the +2 robe "Ulosan" {Str+2}
 16690 | Lair:5   | Identified the +2 quarterstaff "Igilun" {drain, +Blink
                  | Str-5 Stlth+}
 17148 | Lair:6   | Entered Level 6 of the Lair of Beasts
 17169 | Lair:5   | Reached skill level 20 in Fighting
 18216 | Lair:6   | Reached XP level 14. HP: 153/158 MP: 20/20
 18517 | Lair:6   | Reached skill level 5 in Throwing
 19775 | Lair:6   | Found a viscous altar of Jiyva.
 19776 | Lair:6   | Found a staircase to the Slime Pits.
 20596 | D:11     | Reached skill level 21 in Fighting
 20667 | D:11     | Found a gate leading to a gauntlet.
 20711 | Gauntlet | Entered a Gauntlet
 20711 | Gauntlet | Found a transporter.
 20711 | Gauntlet | Found a transporter.
 20729 | Gauntlet | Found the +3 pair of gauntlets of War {Slay+5}
 20730 | Gauntlet | Found a transporter.
 20730 | Gauntlet | Found a transporter.
 20730 | Gauntlet | Found a transporter.
 20732 | Gauntlet | Found a large runed translucent door.
 20732 | Gauntlet | Found a transporter.
 20733 | Gauntlet | Found a large runed translucent door.
 20734 | Gauntlet | Found a large runed translucent door.
 20734 | Gauntlet | Found a large runed translucent door.
 20734 | Gauntlet | Found a runed translucent door.
 20734 | Gauntlet | Found a runed translucent door.
 20735 | Gauntlet | Found a large runed translucent door.
 20735 | Gauntlet | Found a large runed translucent door.
 20735 | Gauntlet | Found a large runed translucent door.
 20735 | Gauntlet | Found a large runed translucent door.
 20736 | Gauntlet | Found a large runed translucent door.
 20736 | Gauntlet | Found a large runed translucent door.
 20737 | Gauntlet | Found a large runed translucent door.
 20737 | Gauntlet | Found a large runed translucent door.
 20737 | Gauntlet | Noticed a quicksilver ooze
 20738 | Gauntlet | Found a runed translucent gate.
 20738 | Gauntlet | Found a runed translucent gate.
 20738 | Gauntlet | Found a runed translucent gate.
 20740 | Gauntlet | Found a transporter.
 20744 | Gauntlet | Found a transporter.
 20754 | Gauntlet | Found a transporter.
 20786 | Gauntlet | Found a large runed translucent door.
 20786 | Gauntlet | Found a large runed translucent door.
 20789 | Gauntlet | Found a large runed translucent door.
 20789 | Gauntlet | Found a large runed translucent door.
 20859 | Gauntlet | Found a transporter.
 20861 | Gauntlet | Found a transporter.
 20869 | Gauntlet | Found a transporter.
 21126 | Gauntlet | Killed a quicksilver ooze
 21521 | Gauntlet | Identified the +1 robe of Colim {+Inv rC+ SInv}
 21522 | Gauntlet | Got Sif Muna's Tome of Torrid Orientation
 21527 | Gauntlet | Identified the ring "Miakir" {rF+ Str+6}
 21640 | D:11     | Found a runed translucent gate.
 21640 | D:11     | Found a runed translucent gate.
 21640 | D:11     | Found a runed translucent gate.
 21641 | D:11     | Noticed Crownlay's ghost (journeyman GrEE)
 21729 | D:11     | Reached skill level 1 in Armour
 23347 | D:11     | Killed Crownlay's ghost
 24060 | D:12     | Found a staircase to the Orcish Mines.
 24388 | D:12     | Noticed Kirke
 24394 | D:12     | Noticed a sphinx
 24399 | D:12     | Noticed a sphinx
 24563 | D:12     | Killed Kirke
 24564 | D:12     | Reached skill level 5 in Armour
 24709 | D:12     | Reached XP level 15. HP: 168/168 MP: 21/21
 25264 | Orc:1    | Entered Level 1 of the Orcish Mines
 25536 | Orc:1    | Noticed Sonja
 25543 | Orc:1    | Killed Sonja
 25593 | Orc:1    | Found a shimmering altar of Xom.
 25601 | Orc:1    | Found Xuezoidgh's General Store.
 25608 | Orc:1    | Bought a scroll of enchant armour for 97 gold pieces
 25608 | Orc:1    | Bought a scroll of teleportation for 39 gold pieces
 25608 | Orc:1    | Bought a tin of tremorstones (2/2) for 520 gold pieces
 25608 | Orc:1    | Bought a scroll of magic mapping for 45 gold pieces
 25622 | Orc:1    | Reached skill level 1 in Shields
 25860 | Orc:2    | Entered Level 2 of the Orcish Mines
 26458 | Orc:2    | Found a staircase to the Elven Halls.
 27210 | Orc:2    | Found Lott's Magic Scroll Boutique.
 27210 | Orc:2    | Found Hydeeh Ipedd's Antique Armour Shop.
 27214 | Orc:2    | Found Coor Ede's Magic Scroll Shop.
 27219 | Orc:2    | Found Guotrex's Book Boutique.
 27308 | Orc:2    | Bought a tower shield for 108 gold pieces
 27309 | Orc:2    | Bought a scroll of enchant weapon for 97 gold pieces
 27309 | Orc:2    | Bought a scroll of teleportation for 39 gold pieces
 27309 | Orc:2    | Bought a scroll of enchant armour for 97 gold pieces
 27311 | Orc:2    | Bought a scroll of teleportation for 33 gold pieces
 27311 | Orc:2    | Bought a scroll of blinking for 82 gold pieces
 27444 | Orc:2    | Bought 3 scrolls of fear for 115 gold pieces
 28058 | D:13     | Reached skill level 5 in Shields
 28437 | D:13     | Noticed Azrael
 28469 | D:12     | Killed Azrael
 29243 | D:13     | Noticed an orc warlord
 29373 | D:12     | Reached XP level 16. HP: 127/173 MP: 18/22
 29510 | D:13     | Noticed Nessos
 29518 | D:13     | Killed Nessos
 29866 | D:13     | Got the Papyrus of Torrid Enchantment
 30971 | D:13     | Identified the +9 arbalest of a Gauntlet {penet, Will+
                  | Int+4 SInv}
 31223 | D:14     | Found a gate to the Vaults.
 31785 | D:14     | Found a shadowy altar of Dithmenos.
 32001 | D:14     | Reached skill level 10 in Throwing
 32257 | D:15     | Entered Level 15 of the Dungeon
 32979 | D:15     | Found a staircase to the Depths.
 33342 | Shoals:1 | Entered Level 1 of the Shoals
 33817 | Shoals:1 | Reached skill level 10 in Shields
 34285 | Shoals:1 | Reached XP level 17. HP: 174/184 MP: 23/23
 38217 | Shoals:3 | Found Likliy's Book Emporium.
 38968 | Shoals:4 | Entered Level 4 of the Shoals
 40073 | Shoals:3 | Reached XP level 18. HP: 163/193 MP: 24/24
 40437 | Shoals:4 | Got a barnacled rune of Zot
 40821 | Shoals:4 | Reached skill level 15 in Shields
 41297 | Shoals:4 | Reached skill level 22 in Fighting
 41425 | Shoals:4 | Identified the amulet "Himour" {Faith Rampage Will- Regen+
                  | Stlth+}
 41926 | Vaults:1 | Entered Level 1 of the Vaults
 43379 | Vaults:1 | Identified the +0 ring mail of Levity {Fly rElec Dex+4
                  | SInv}
 43387 | Vaults:1 | Found Socyes's Magic Scroll Shoppe.
 43395 | Vaults:1 | Bought a scroll of fog for 30 gold pieces
 43395 | Vaults:1 | Bought a scroll of enchant armour for 112 gold pieces
 43395 | Vaults:1 | Bought a scroll of fog for 30 gold pieces
 43395 | Vaults:1 | Bought a scroll of teleportation for 45 gold pieces
 43395 | Vaults:1 | Bought a scroll of teleportation for 45 gold pieces
 43395 | Vaults:1 | Bought a scroll of magic mapping for 52 gold pieces
 43395 | Vaults:1 | Bought a scroll of immolation for 52 gold pieces
 43811 | Vaults:1 | Reached skill level 15 in Throwing
 43811 | Vaults:1 | Reached XP level 19. HP: 141/203 MP: 25/25
 44708 | Vaults:2 | Found Biasse's Assorted Antiques.
 44712 | Vaults:2 | Bought a scroll of enchant weapon for 352 gold pieces
 44868 | Vaults:1 | HP: 3/203 [poisoned by a war gargoyle]
 45330 | Vaults:2 | Reached skill level 23 in Fighting
 45796 | Vaults:2 | Found Puoj's Jewellery Boutique.
 45804 | Vaults:2 | Bought the ring of Generosity {rElec rPois rF+ Stlth+} for
                  | 782 gold pieces
 45804 | Vaults:2 | Bought the ring of Xom's Displeasure {Fly rPois rF+ rN+}
                  | for 678 gold pieces
 46027 | Vaults:2 | Found Pokie's Book Boutique.
 46043 | Vaults:2 | Reached skill level 24 in Fighting
 46346 | Vaults:2 | Found Qifo's Antique Armour Shoppe.
 46712 | Vaults:3 | Found Geix's Weapon Emporium.
 46850 | Vaults:3 | Noticed Mara
 46884 | Vaults:3 | Killed Mara
 46885 | Vaults:3 | Reached skill level 25 in Fighting
 46970 | Vaults:3 | Reached XP level 20. HP: 214/223 MP: 26/26
 47295 | Vaults:3 | Noticed Sojobo
 47318 | Vaults:3 | Paralysed by an air elemental for 1 turns
 47322 | Vaults:3 | Killed Sojobo
 47648 | Vaults:3 | Found a staircase to the Crypt.
 47746 | Vaults:3 | Reached skill level 26 in Fighting
 48182 | Vaults:4 | Found a crumbling gateway.
 48189 | Desolati | Entered the Desolation of Salt
 48505 | Desolati | Reached skill level 27 in Fighting
 48587 | Desolati | Identified the +5 short sword "Heshriarch" {venom, rF+ rN+
                  | Dex+2}
 48652 | Desolati | Reached skill level 10 in Invocations
 49053 | Desolati | Identified the amulet of Harmony {Reflect -Cast rPois Dex+4
                  | SH+5}
 49584 | Desolati | Found the +3 crown of Dyrovepreva {rElec Int+2 SInv}
 49689 | Desolati | Identified the ring "Dugg" {rF+ rN+ Int+4}
 49933 | Vaults:4 | Reached XP level 21. HP: 238/238 MP: 30/30
 50565 | Vaults:4 | Found Jauwkepp's Antique Weapon Shop.
 50984 | Vaults:4 | Reached skill level 15 in Invocations
 51044 | Vaults:4 | Reached skill level 5 in Dodging
 51868 | Vaults:4 | Found Ywodwuek's Assorted Antiques.
 51873 | Vaults:4 | Found Qolemn's Antique Armour Boutique.
 51874 | Vaults:4 | Bought a scroll of teleportation for 99 gold pieces
 52499 | Slime:1  | Entered Level 1 of the Pits of Slime
 53787 | Slime:5  | Entered Level 5 of the Pits of Slime
 54223 | Slime:5  | Gained mutation: You have large cloven feet. [a shining
                  | eye]
 54240 | Slime:5  | Reached skill level 10 in Dodging
 54429 | Slime:5  | Reached XP level 22. HP: 240/247 MP: 33/33
 54525 | Slime:5  | Found a viscous altar of Jiyva.
 54526 | Slime:5  | Noticed the Royal Jelly
 54542 | Slime:5  | Killed the Royal Jelly
 55087 | Slime:5  | Got Fiugemio's Catalogue of Arcane Weapons and
                  | Transmigration
 55123 | Slime:5  | Identified the +0 leather armour of Integrity {+Blink Will-
                  | rCorr}
 55158 | Slime:5  | Got a slimy rune of Zot
 55163 | Slime:5  | Identified the ring of Balance {rN+ rCorr Str+6}
 55194 | Slime:5  | Identified the +7 mace "Beastbane" {flame, Fragile rPois
                  | Int+4}
 55205 | Slime:5  | Identified the +10 rapier "Paiterog" {freeze, Int-2 Dex+5}
 55625 | Spider:1 | Entered Level 1 of the Spider Nest
 56299 | Vaults:2 | Bought a ring of see invisible for 255 gold pieces
 56634 | Spider:1 | Noticed Rupert
 56641 | Spider:1 | Killed Rupert
 57957 | Spider:2 | Noticed Arachne
 57974 | Spider:2 | Killed Arachne
 58217 | Spider:2 | Identified the +1 morningstar of Causality {drain, rC+}
 58223 | Spider:2 | Identified the +9 falchion of Ceeb {pain, Str+6}
 58958 | Spider:2 | Identified the +0 pair of boots "Usitukk" {Str+4}
 59221 | Spider:3 | Acquired 1002 gold pieces
 59431 | Spider:3 | Noticed Mlioglotl
 59447 | Spider:3 | Killed Mlioglotl
 60101 | Spider:4 | Entered Level 4 of the Spider Nest
 61206 | Spider:4 | Identified the ring "Paafypics" {rF+ AC+4}
 61244 | Spider:4 | Reached XP level 23. HP: 226/255 MP: 34/34
 62050 | Spider:4 | Got a gossamer rune of Zot
 62475 | Elf:1    | Entered Level 1 of the Elven Halls
 62798 | Elf:1    | Identified the +6 lajatang "Faepnuz" {chaos, Int+3}
 62808 | Elf:1    | Identified the +3 flail of Tension {holy, Str+4}
 62986 | Elf:1    | Found a runed translucent gate.
 62986 | Elf:1    | Found a runed translucent gate.
 62986 | Elf:1    | Found a runed translucent gate.
 62986 | Elf:1    | Found a runed translucent gate.
 62986 | Elf:1    | Found a runed translucent gate.
 62987 | Elf:1    | Found a runed translucent gate.
 63791 | Elf:2    | Identified the +10 demon whip "Redasics" {venom, rElec
                  | rPois SInv Stlth-}
 63860 | Elf:2    | Found a radiant altar of Vehumet.
 64019 | Elf:2    | Found a huge runed translucent gate.
 64019 | Elf:2    | Found a huge runed translucent gate.
 64019 | Elf:2    | Found a huge runed translucent gate.
 64020 | Elf:2    | Found a huge runed translucent gate.
 64021 | Elf:2    | Found a huge runed translucent gate.
 64575 | Elf:3    | Entered Level 3 of the Elven Halls
 64619 | Elf:3    | Found a frozen archway.
 64628 | IceCv    | Entered an ice cave
 65087 | IceCv    | Identified the +1 pair of boots "Lass" {rC+}
 65154 | IceCv    | Noticed a shard shrike
 65192 | IceCv    | Killed a shard shrike
 65330 | IceCv    | Got the Compendium of Snow
 65332 | IceCv    | Identified the ring of Balance {Fire Drain rPois rN+}
 66367 | Elf:3    | Identified the +9 long sword of the Beast {freeze, rF+
                  | Int+6}
 66647 | Elf:3    | Reached XP level 24. HP: 250/265 MP: 34/34
 66963 | Elf:3    | Identified the +4 triple sword of Wenia {vorpal, rPois rC++
                  | Dex+2 Stlth+}
 67077 | Elf:3    | Identified the +6 short sword "Raggant" {holy, rElec Str+8
                  | Int-5 Dex+4}
 67095 | Elf:3    | Identified the -1 pair of boots of Umurgh {+Inv Str+4 SInv}
 67866 | Crypt:1  | Entered Level 1 of the Crypt
 69814 | Crypt:1  | Found a runed translucent door.
 69880 | Crypt:1  | Noticed an ancient lich
 69952 | Crypt:1  | Killed an ancient lich
 70437 | Crypt:2  | Reached ****** piety under Hepliaklqana
 70959 | Crypt:3  | Entered Level 3 of the Crypt
 72071 | Crypt:3  | Found a staircase to the Tomb.
 72476 | Crypt:3  | Noticed an ancient lich
 72493 | Crypt:3  | Noticed an ancient lich
 72518 | Crypt:3  | Killed an ancient lich
 72544 | Crypt:3  | Killed an ancient lich
 72553 | Crypt:3  | Identified the amulet of Wopoitog {rC+ Regen+ Int+9}
 72553 | Crypt:3  | Identified the ring "Hiodgh Duarch" {rN+ Str-4 Int+3 Dex+2}
 72934 | Depths:1 | Entered Level 1 of the Depths
 73331 | Depths:1 | Reached XP level 25. HP: 273/273 MP: 34/34
 73466 | Depths:1 | Found a one-way gateway to a ziggurat.
 73509 | Zig:1    | Entered Level 1 of a ziggurat
 73513 | Zig:1    | Paralysed by a wendigo for 1 turns
 73532 | Zig:2    | Entered Level 2 of a ziggurat
 73707 | Zig:3    | Entered Level 3 of a ziggurat
 73750 | Zig:3    | Identified the +9 mace of the Skies Above {freeze, rF+
                  | Stlth+}
 73787 | Zig:4    | Entered Level 4 of a ziggurat
 73927 | Zig:4    | Identified the +4 scimitar of Bankruptcy {holy, rC+ Dex+2}
 73938 | Zig:5    | Entered Level 5 of a ziggurat
 73955 | Zig:5    | Noticed a Killer Klown
 74036 | Zig:5    | Reached XP level 26. HP: 282/282 MP: 35/36
 74056 | Zig:6    | Entered Level 6 of a ziggurat
 74317 | Zig:7    | Entered Level 7 of a ziggurat
 74572 | Zig:7    | Identified the +0 pair of gloves of Cuski {rF+ rCorr Int-3}
 74899 | Depths:1 | Noticed the Enchantress
 75134 | Depths:1 | Identified the +9 quarterstaff "Jitz" {drain, rPois rF+ rC-
                  | SInv}
 75140 | Depths:1 | Identified the +7 demon blade of Execution {elec, rC+++ rN+
                  | rCorr Int-3}
 75146 | Depths:1 | Killed the Enchantress
 75560 | Depths:1 | Found a gateway to Hell.
 75754 | Depths:2 | Noticed Aizul
 75767 | Depths:2 | Killed Aizul
 76004 | Depths:2 | Found Istyzue's Armour Boutique.
 76752 | Depths:2 | Found a one-way gate to the infinite horrors of the Abyss.
 77259 | Depths:2 | Identified the +7 flail of Radicalism {vamp, Fragile Str+4
                  | Int+6}
 77263 | Depths:2 | Noticed Frederick
 77265 | Depths:2 | Identified the ring of the Ten Youths {Int+6 Dex+6}
 77290 | Depths:2 | Killed Frederick
 77385 | Depths:2 | Reached skill level 15 in Maces & Flails
 77537 | Depths:2 | Found a radiant altar of Vehumet.
 78088 | Depths:2 | Found a one-way gate leading to the halls of Pandemonium.
 79238 | Depths:3 | Reached XP level 27. HP: 282/287 MP: 37/37
 79335 | Depths:3 | Reached skill level 10 in Armour
 80073 | Depths:3 | Paralysed by a floating eye for 3 turns
 81073 | Depths:4 | Entered Level 4 of the Depths
 81257 | Depths:4 | Found a gate to the Realm of Zot.
 82803 | Zot:1    | Entered Level 1 of the Realm of Zot
 83104 | Zot:2    | Reached skill level 15 in Dodging
 84216 | Zot:5    | Entered Level 5 of the Realm of Zot
 84964 | Zot:5    | Noticed an orb of fire
 84965 | Zot:5    | Noticed an ancient lich
 84966 | Zot:5    | Noticed an orb of fire
 85254 | Zot:5    | Gained mutation: You are clumsy. (Dex -2) [an orb of fire]
 85259 | Zot:4    | Gained mutation: Your spells are a little easier to cast,
                  | but a little less powerful. [an orb of fire]
 85268 | Zot:4    | Killed an ancient lich
 85837 | Zot:5    | Noticed a dread lich
 85848 | Zot:5    | Killed a dread lich
 85863 | Zot:5    | Noticed an ancient lich
 85865 | Zot:5    | Killed an ancient lich
 86161 | Zot:5    | Noticed an ancient lich
 86164 | Zot:5    | Killed an ancient lich
 86774 | Zot:5    | Noticed an ancient lich
 86777 | Zot:5    | Killed an ancient lich
 87602 | Zot:5    | Noticed a dread lich
 87607 | Zot:5    | Noticed a dread lich
 87613 | Zot:5    | Killed a dread lich
 87618 | Zot:5    | Killed a dread lich
 87643 | Zot:5    | Got the Orb of Zot
 87765 | Zot:3    | Gained mutation: You are frail. (-10% HP) [an orb of fire]
 87776 | Zot:3    | Killed an orb of fire
 88403 | D:$      | Escaped with the Orb!

Illustrated notes

Levels and vault maps discovered:
D:1:      dpeg_arrival_rooms_with_view, layout_basic,
          ebering_ecumenical_altar_rust, st_stairs_4, serial_bayou_crossing
D:2:      layout_basic, minmay_misc_feat_rows, kennysheep_generic_room_10
D:3:      minmay_wonky_spiral, layout_loops_cross, feat_on_display, uniq_terence
D:4:      minmay_razor_zed, layout_basic, serial_shops,
          nicolae_shop_window_shopping, minmay_parallelograms,
          hangedman_decor_clover_reticule, uniq_blork_the_orc
D:5:      layout_basic, nicolae_hepliaklqana_monster_ancestors
D:6:      layout_cave_pools, minmay_temple_entry_junction
D:7:      layout_layer_cave, serial_shops, shop_statue,
          kennysheep_generic_room_11, uniq_menkaure
D:8:      layout_rooms, led_sif_book, mainiacjoe_overflow_surrounded_room,
          jmf_multi_god_temple2, david_lair_generic, enter_ossuary_4,
          minivault_27
D:9:      layout_roguey [special_room_bee], guppyfry_early_elven_hall,
          uniq_psyche, uniq_erolcha
D:10:     layout_basic, lemuel_tele_altar, serial_glass, glass_columns_a,
          glass_columns_a, glass_columns_a, glass_columns_a, uniq_josephine
D:11:     layout_loops_ring, gammafunk_ghost_hydra_chop, gauntlet_entry_generic,
          minmay_statue_bubble
D:12:     layout_loops_ring, minmay_orc_entry_temple_small,
          hangedman_cracks_in_the_wall, uniq_kirke
D:13:     minmay_the_grid_square_5x5_5x5_mashed [minmay_the_grid_square_5x5_meh,
          minmay_the_grid_square_5x5_spiral,
          minmay_the_grid_square_5x5_gyroscope,
          minmay_the_grid_square_5x5_bracketed, minmay_the_grid_square_5x5_two,
          minmay_the_grid_square_5x5_checkered_sparse,
          minmay_the_grid_square_5x5_prize_monsterx,
          minmay_the_grid_square_5x5_empty,
          minmay_the_grid_square_5x5_prize_itemx,
          minmay_the_grid_square_5x5_two_walls_b,
          minmay_the_grid_square_5x5_detours,
          minmay_the_grid_square_5x5_beaten_path,
          minmay_the_grid_square_5x5_prize_pseudospiral,
          minmay_the_grid_square_5x5_hourglass,
          minmay_the_grid_square_5x5_tri_point,
          minmay_the_grid_square_5x5_corner,
          minmay_the_grid_square_5x5_prize_open,
          minmay_the_grid_square_5x5_broken_cross,
          minmay_the_grid_square_5x5_prize_snowflake,
          minmay_the_grid_square_5x5_inner_i,
          minmay_the_grid_square_5x5_pentomino_r,
          minmay_the_grid_square_5x5_one_wall,
          minmay_the_grid_square_5x5_dogpile, minmay_the_grid_square_5x5_mess,
          minmay_the_grid_square_5x5_half_checkered], layout_loops_ring,
          uniq_nessos, uniq_azrael
D:14:     layout_cave_pools, hangedman_vaults_entry_quadrant_bands,
          nicolae_dithmenos_the_darkroom, corexii_hall_statues_u,
          feat_on_display
D:15:     grunt_enter_depths_magical_seal, layout_long_grid,
          roderic_roman_lattice
Lair:1:   layout_gridlike, grunt_megastairs_3
Lair:2:   layout_cave_pods, elwin_shoals_entry_rooms,
          chequers_serial_rivers_micro_b, chequers_serial_rivers_micro_a,
          beast_lair_carwin_7
Lair:3:   layout_chaotic_city
Lair:4:   layout_misc_corridors, nicolae_spider_entry_non_spiders
Lair:5:   layout_loops_ring, hibernation_bobbens, grunt_megastairs_4
Lair:6:   hangedman_lair_tendril_chambers, layout_regular_city,
          dpeg_slime_entry_enclosed_altar
Shoals:1: layout_shoals
Shoals:2: layout_shoals, nicolae_shoals_hidden_pirate_stash
Shoals:3: layout_shoals, serial_shops, shop, nicolae_shoals_goliath_grotto
Shoals:4: shoals_end_grunt_ice, layout_shoals, nicolae_shoals_drake_roost
Spider:1: layout_cave_pods, uniq_rupert
Spider:2: nicolae_spider_mines_3, nicolae_spider_nook,
          nicolae_spider_cling_halls, uniq_arachne
Spider:3: layout_spider_delve, uniq_mlioglotl
Spider:4: spider_rune_water, drop_trap
Slime:1:  layout_caves
Slime:2:  layout_caves
Slime:3:  layout_caves
Slime:4:  layout_caves, nicolae_slime_round_cave
Slime:5
Orc:1:    layout_caves, basic_altar, serial_shops, nicolae_shop_crystal,
          uniq_sonja
Orc:2:    st_orc_mages, layout_diamond_mine
Elf:1:    dpeg_oklob_gauntlet, layout_rooms, orc_legates,
          nicolae_elf_blasts_and_bolts
Elf:2:    elven_hall_of_blades_hangedman_alternative
          [nicolae_blade_entry_sentries_behind_glass], layout_geoelf_diagonals,
          basic_altar
Elf:3:    grunt_elf_hall_spiral, layout_loops_corners,
          portal_ice_cave_entry_pillars_three, nicolae_elf_big_sculpture_2
Vaults:1: vaults_dpeg_ring, vaults_room_grid, v_misc_16,
          hangedman_vaults_corner_blocks, ontoclasm_vaults_bender,
          v_alt_pattern_1, vaults_dpeg_hooks, nicolae_vaults_branching_niches,
          vaults_room_semicircle, vaults_room_semicircle,
          hangedman_vaults_stretched_pinwheel, nicolae_vaults_little_squares_3,
          layout_vaults_chaotic_city, serial_shops, shop
Vaults:2: special_room_vaults [special_room_orc], ontoclasm_vaults_twist,
          hangedman_vaults_stream, nicolae_vaults_twisting_passages, v_misc_1,
          v_misc_27, vaults_mumra_hex, v_misc_31, vaults_mumra_chevron,
          nicolae_vaults_little_squares_3, ontoclasm_vaults_gateway,
          layout_vaults_maze_snakey, serial_shops, nicolae_diamond_shop,
          nicolae_lakefront_shop, shop, shop
Vaults:3: serial_ice_h, minmay_crypt_entry_simple_round, v_rooms_5,
          vaults_mumra_hexcomb, layout_vaults_omnigrid, serial_shops, shop,
          uniq_mara, uniq_sojobo
Vaults:4: portal_desolation_entry_nicolae_slug, ontoclasm_vaults_claustrophobia,
          grunt_vaults_trifunnel, ontoclasm_vaults_shuriken, v_rooms_1,
          v_misc_16, hangedman_vaults_river_flow, hangedman_vaults_capsules,
          v_misc_23, v_misc_3, ontoclasm_vaults_fault,
          nicolae_vaults_little_squares_3, vaults_room_corners,
          ontoclasm_vaults_pinch, layout_vaults_ring, serial_shops, shop, shop,
          shop
Crypt:1:  cheibrodos_crypt_cold_storage, layout_basic, st_stairs_9,
          grunt_crypt_arrival_split, grunt_megastairs_5
Crypt:2:  layout_gridlike, minmay_strange_pillars
Crypt:3:  david_glass_crypt, layout_gridlike, nicolae_tomb_entry_rubble_hallway,
          grunt_megastairs_1
Depths:1: layout_cave_shapes, enter_ziggurat_c, hellmouth_2,
          minmay_misc_feat_rugged, hangedman_abyss_or_decor_stabs,
          eino_tiny_chamber, minmay_misc_feat_cross, grunt_ministairs_7,
          uniq_enchantress
Depths:2: evilmike_halls_of_destruction, layout_honeycomb,
          corexii_leaking_fountain, abyss_entry, serial_shops,
          nicolae_inconvenience_store, pf_vacation_house_of_asmodeus,
          rand_demon_pan_entry_7, minmay_staircase_bubble, grunt_megastairs_2,
          uniq_aizul
Depths:3: minmay_polygon_palace, layout_basic, minmay_room_of_horrors,
          kennysheep_nub, grunt_hell_entry_dis_mu
Depths:4: grunt_zot_entry_funnels, layout_cave_pools, pan_entry,
          chequers_serial_rivers_micro_e, pf_hell_entry_tar_spiral
Zot:1:    layout_concentric_octagons
Zot:2:    layout_gridlike, grunt_ministairs_9
Zot:3:    layout_onion_interference, grunt_ministairs_7
Zot:4:    layout_gridlike
Zot:5:    layout_twisted_circle, bh_zot_levy_curve, guppyfry_library_mini

Skill      XL: |  1  2  3  4  5  6  7  8  9 10 11 12 13 14 15 16 17 18 19 20 21 22 23 24 25 26 27 |
---------------+----------------------------------------------------------------------------------+-----
Fighting       | 3 12 16 20 21 22 25 27 | 27.0
Maces & Flails | 1 2 3 4 6 7 9 11 12 17 | 17.0
Evocations     | 3 4 5 |  5.0
Invocations    | 9 12 15 18 20 | 20.8
Dodging        | 4 10 20 | 20.1
Throwing       | 8 11 12 15 16 20 23 25 26 | 26.0
Armour         | 5 9 10 | 10.0
Shields        | 6 10 14 15 | 15.0
Stealth        | |  0.6

Action                   |  1- 3 |  4- 6 |  7- 9 | 10-12 | 13-15 | 16-18 | 19-21 | 22-24 | 25-27 || total
-------------------------+-------+-------+-------+-------+-------+-------+-------+-------+-------++-------
Melee: Short sword       |    30 |       |       |       |       |       |       |       |       ||    30
       Demon whip        |    65 |    99 |   195 |   534 |  1309 |  1771 |  2107 |  2491 |  2086 || 10657
       Kick              |       |       |       |       |       |       |    13 |  1357 |  1217 ||  2587
       Unarmed           |       |       |       |       |       |       |       |       |     4 ||     4
Throw: Stone             |     6 |     6 |     6 |     8 |     4 |    15 |       |       |       ||    45
       Throwing net      |       |     2 |       |       |       |       |       |       |       ||     2
       Large rock        |       |       |     2 |       |     4 |     8 |    25 |    58 |   130 ||   227
       Dart              |       |       |       |       |       |    31 |       |       |       ||    31
       Boomerang         |       |       |       |       |       |       |    39 |    74 |       ||   113
       Javelin           |       |       |       |       |       |       |     1 |    19 |    21 ||    41
Invok: Ancestor Life: He |       |       |     1 |       |       |       |       |       |       ||     1
       Recall Ancestor   |       |       |       |     1 |     2 |     2 |     2 |     4 |     5 ||    16
       Transference      |       |       |       |     1 |    14 |     7 |     1 |       |       ||    23
       Idealise          |       |       |       |       |     1 |     1 |     8 |     8 |    16 ||    34
Evoke: Wand              |       |       |       |     1 |    11 |     2 |       |     4 |     8 ||    26
       Tin of tremorston |       |       |       |       |       |     3 |     2 |     7 |       ||    12
       Box of beasts     |       |       |       |       |       |       |       |     2 |     1 ||     3
       Phantom mirror    |       |       |       |       |       |       |       |     1 |     1 ||     2
       Condenser vane    |       |       |       |       |       |       |       |     1 |     3 ||     4
  Use: Scroll            |       |     4 |    10 |    10 |    17 |     5 |     6 |     8 |    11 ||    71
       Potion            |       |       |       |     3 |     2 |     2 |     6 |     5 |     6 ||    24
 Stab: Sleeping          |     2 |     1 |     1 |       |       |       |       |       |       ||     4
       Held in net/web   |       |     1 |       |       |       |       |       |       |       ||     1
       Confused          |       |       |       |     6 |    11 |    25 |    78 |   103 |    90 ||   313
       Distracted        |       |       |       |     2 |     8 |    15 |    14 |    13 |    17 ||    69
       Paralysed         |       |       |       |       |    35 |   119 |   131 |   137 |   128 ||   550
       Petrified         |       |       |       |       |     1 |       |       |       |       ||     1
Armor: Robe              |    29 |    22 |    55 |   141 |   194 |       |       |       |       ||   441
       Ice dragon scales |       |       |       |       |   346 |   571 |   483 |   596 |   449 ||  2445
Dodge: Dodged            |    46 |    41 |    52 |   138 |   374 |   394 |   256 |   487 |   434 ||  2222
       Repelled          |       |       |       |       |     6 |    16 |    13 |    10 |    20 ||    65
Block: Kite shield       |       |       |       |       |   102 |   689 |   746 |  1445 |  1020 ||  4002
       Reflection        |       |       |       |       |       |       |    12 |    48 |     7 ||    67

Table legend: (Time is in decaauts)
 A = Elapsed time spent in this place.
 B = Non-inter-level travel time spent in this place.
 C = Inter-level travel time spent in this place.
 D = Time resting spent in this place.
 E = Time spent auto-exploring this place.
 F = Levels seen in this place.
 G = Mean time per level.
                   A        B        C        D        E       F      G
               +--------+--------+--------+--------+--------+-----+--------+
         Total |  83319 |  77843 |   5476 |  27135 |  34966 |  66 | 1262.4 |
       Dungeon |  19610 |  17609 |   2001 |   4453 |   9989 |  15 | 1307.3 |
          Lair |  10762 |   9657 |   1105 |   3558 |   4993 |   6 | 1793.7 |
        Shoals |   7946 |   7637 |    309 |   3274 |   2611 |   4 | 1986.5 |
   Spider Nest |   5823 |   5483 |    340 |   1986 |   2411 |   4 | 1455.8 |
    Slime Pits |   2838 |   2801 |     37 |   1812 |    100 |   5 |  567.6 |
  Orcish Mines |   2313 |   2135 |    178 |    689 |    988 |   2 | 1156.5 |
   Elven Halls |   4066 |   3878 |    188 |   1428 |   1714 |   3 | 1355.3 |
        Vaults |   8444 |   7759 |    685 |   2193 |   3834 |   4 | 2111.0 |
         Crypt |   4040 |   3871 |    169 |    978 |   2019 |   3 | 1346.7 |
        Depths |   8341 |   7974 |    367 |   2371 |   4077 |   4 | 2085.2 |
           Zot |   4652 |   4561 |     91 |   2971 |    467 |   5 |  930.4 |
      Ziggurat |   1020 |   1020 |      0 |    550 |    163 |   7 |  145.7 |
       Ossuary |    336 |    336 |      0 |     31 |    221 |   1 |  336.0 |
      Ice Cave |    838 |    838 |      0 |    160 |    506 |   1 |  838.0 |
    Desolation |   1449 |   1449 |      0 |    247 |    691 |   1 | 1449.0 |
      Gauntlet |    833 |    833 |      0 |    431 |    180 |   1 |  833.0 |
               +--------+--------+--------+--------+--------+-----+--------+

Top non-repeatable levels by time:
    D:12: 3346 daAuts
Depths:2: 3075 daAuts
Vaults:1: 2832 daAuts
Shoals:2: 2554 daAuts
  Lair:6: 2450 daAuts
Depths:3: 2400 daAuts
Vaults:4: 2212 daAuts
Shoals:3: 2115 daAuts
Shoals:4: 2002 daAuts
Vaults:3: 1964 daAuts
  Lair:4: 1922 daAuts
  Lair:2: 1879 daAuts
   Zot:5: 1830 daAuts
Spider:4: 1819 daAuts
   Zot:4: 1759 daAuts
